 Dungeon Crawl Stone Soup version 0.22-a0-86-g94e0ad4 (webtiles) character file.

203 KristoblXynda the Ruffian (level 5, -1/48 HPs)
             Began as a Troll Warper on Jan 20, 2018.
             Slain by a goblin
             ... wielding a +0 club
             ... led by Robin
              (5 damage)
             ... on level 3 of the Dungeon.
             The game lasted 00:03:42 (1433 turns).

KristoblXynda the Ruffian (Troll Warper)            Turns: 1433, Time: 00:03:43

Health: -1/48      AC:  5    Str: 19    XL:     5   Next: 51%
Magic:  5/5        EV: 11    Int: 10    God:    Xom [..*...]
Gold:   157        SH:  0    Dex:  9    Spells: 6/6 levels left

rFire    . . .     SeeInvis .     - Unarmed
rCold    . . .     Gourm    +   (no shield)
rNeg     . . .     Faith    .   a - +0 robe
rPois    .         Spirit   .   (helmet restricted)
rElec    .         Reflect  .   (no cloak)
rCorr    .         Harm     .   (gloves unavailable)
MR       .....                  (boots unavailable)
Stlth    +.........             (no amulet)
HPRegen  0.56/turn              (no ring)
MPRegen  0.09/turn              (no ring)

@: no status effects
A: large, unfitting armour, claws 3, fast metabolism 3, gourmand, regeneration
1, shaggy fur 1, tough skin 2
a: Renounce Religion


You were on level 3 of the Dungeon.
You worshipped Xom.
You were a toy of Xom.
You were completely stuffed.

You visited 1 branch of the dungeon, and saw 3 of its levels.

You collected 157 gold pieces.

Inventory:

Missiles
 d - 5 tomahawks of dispersal (quivered)
Armour
 a - a +0 robe (worn)
Jewellery
 h - a +3 ring of strength {unknown}
 n - a +2 ring of intelligence {unknown}
Scrolls
 c - a scroll of blinking
 j - a scroll of fog {unknown}
 l - 2 scrolls of identify {unknown}
 m - 2 scrolls of remove curse {unknown}
Potions
 e - a potion of brilliance {unknown}
 g - 2 potions of heal wounds
 i - a potion of haste {unknown}
 o - 2 potions of magic {unknown}
Books
 b - a book of Spatial Translocations

   Spells                             Type                      Level
   a - Blink                          Translocation                2
   b - Shroud of Golubria             Charms/Translocation         2
   c - Lesser Beckoning               Translocation                3
   d - Gell's Gravitas                Translocation                3
   e - Teleport Other                 Translocation                3
   f - Passage of Golubria            Translocation                4
Comestibles
 f - 4 rations


   Skills:
 - Level 1.5 Fighting
 - Level 1.0 Throwing
 + Level 3.6 Dodging
 + Level 4.3 Unarmed Combat
 - Level 1.2 Spellcasting
   Level 2.1 Translocations


You had 6 spell levels left.
You didn't know any spells.

Dungeon Overview and Level Annotations

Branches:
Dungeon (3/15)

Altars:
Sif Muna
Xom

Annotations:
D:3 Robin


Innate Abilities, Weirdness & Mutations

You are too large for most types of armour.
You have claws for hands.
Your metabolism is lightning-fast.
You like to eat raw meat.
Your natural rate of healing is unusually fast.
You are covered in fur. (AC +1)
You have very tough skin. (AC +2)


Message History

Robin is almost dead.
The goblin closely misses you. The hobgoblin hits you with a club!
* * * LOW HITPOINT WARNING * * *
Robin throws the goblin at you!
* * * LOW HITPOINT WARNING * * *
The goblin hits you but does no damage.
You scratch Robin but do no damage.
Robin is almost dead.
The goblin barely misses you. The goblin hits you with a club.
* * * LOW HITPOINT WARNING * * *
The hobgoblin barely misses you.
Unknown command.
You barely miss Robin.
Robin is almost dead.
Robin closely misses you. The goblin hits you with a club.
* * * LOW HITPOINT WARNING * * *
The goblin hits you.
* * * LOW HITPOINT WARNING * * *
The goblin hits you with a club.
You die...

##'##+#........ . ##.#
.#......... ....##
##'##'#..........<......
........####........<..#
.........# #...##.....#
.......#.# #..$o.>....#
.).#.###.###....g.......
..##..##.##..#.#gg.....#
...##.......##.#@g.....#
.........†)....g.g.....#
......##...............#
............<..........#
.......................#
........#..............#
........##........######
##..................
##.....###..........


You could see Robin, an orc, a hobgoblin and 4 goblins.

Vanquished Creatures
  2 jellies (D:3)
  A gnoll (D:1)
  5 adders (D:2)
  2 oozes (D:3)
  2 worms (D:2)
  A dart slug (D:3)
  4 leopard geckos
  A ball python (D:3)
  6 bats
  A giant cockroach (D:3)
  13 goblins
  4 hobgoblins
  An iguana (D:3)
  3 quokkas
  A frilled lizard (D:2)
  10 kobolds
  10 rats
67 creatures vanquished.

Notes
Turn   | Place    | Note
-------+----------+-------------------------------------------
     0 | D:1      | KristoblXynda the Troll Warper began the quest for the Orb.
     0 | D:1      | Reached XP level 1. HP: 19/19 MP: 1/1
    89 | D:1      | Reached skill level 1 in Throwing
   326 | D:1      | Reached XP level 2. HP: 27/27 MP: 2/2
   690 | D:2      | Reached XP level 3. HP: 33/33 MP: 3/3
   771 | D:2      | Found a deep blue altar of Sif Muna.
   812 | D:2      | Reached skill level 3 in Unarmed Combat
   852 | D:2      | Reached XP level 4. HP: 21/41 MP: 4/4
  1128 | D:3      | Found a shimmering altar of Xom.
  1197 | D:3      | Reached XP level 5. HP: 23/48 MP: 5/5
  1206 | D:3      | Became a worshipper of Xom of Chaos
  1220 | D:3      | XOM: potion effect (heal wounds)
  1222 | D:3      | Reached skill level 4 in Unarmed Combat
  1417 | D:3      | Noticed Robin
  1421 | D:3      | XOM: harmless Pois miscast
  1433 | D:3      | Slain by a goblin

Vault maps used:
D:1:      scummos_arrival_checkerplants
D:2:      kennysheep_big_flooded_room, lemuel_doored_altar,
          minmay_misc_feat_rows
D:3:      dk_xom_monty_hall, uniq_robin

Skill      XL: |  1  2  3  4  5 |
---------------+----------------+-----
Throwing       | 1 |  1.0
Dodging        | 2 3 |  3.6
Unarmed Combat | 3 4 |  4.3
Fighting       | |  1.5
Spellcasting   | |  1.2
Translocations | |  2.1

Action                   |  1- 3 |  4- 6 || total
-------------------------+-------+-------++-------
Melee: Unarmed           |    74 |   101 ||   175
       Punch             |       |     1 ||     1
  Use: Potion            |     1 |       ||     1
 Stab: Sleeping          |     1 |       ||     1
  Eat: Chunk             |    13 |     6 ||    19
Armor: Robe              |    30 |    34 ||    64
Dodge: Dodged            |    58 |    76 ||   134

Table legend:
 A = Spawn XP
 B = Non-spawn XP
 C = Spawn XP percentage of total XP
 D = Spawn monster count
 E = Non-spawn monster count
 F = Spawn count percentage of total count
 G = Total turns spent on level
                    A         B        C        D         E        F      G
               +---------+---------+-------+---------+---------+-------+---------
         Total |       0 |     290 |   0.0 |       0 |      67 |   0.0 |  1433
               +---------+---------+-------+---------+---------+-------+---------
           D:1 |       0 |      28 |   0.0 |       0 |      10 |   0.0 |   633
           D:2 |       0 |     114 |   0.0 |       0 |      30 |   0.0 |   495
           D:3 |       0 |     148 |   0.0 |       0 |      27 |   0.0 |   305
               +---------+---------+-------+---------+---------+-------+---------
